Map: King Sejong Station LE

Players

RobespierEvo

  • Race: Protoss Protoss
  • League: Platinum

PiLloWLavA - Winner!

  • Race: Protoss Protoss
  • League: Diamond

VOD

Have the link to the VOD?

Description

Time

  • Played on: Oct. 10, 2016, 6:38 a.m.
  • Length: 15:29
Show
View Real Time Build Order
Export as new Build Order

RobespierEvo Protoss 

Build Orders: Oracle Opening 

Get SALT Encoding   

  12  0:03  Probe (Chrono Boost)  
  13  0:13  Probe (Chrono Boost)  
  14  0:19  Pylon  
  14  0:24  Probe (Chrono Boost)  
  15  0:30  Assimilator  
  15  0:37  Probe (Chrono Boost)  
  16  0:48  Probe (Chrono Boost)  
  16  0:49  Gateway  
  17  0:58  Probe (Chrono Boost)  
  18  1:05  Forge  
  18  1:09  Probe (Chrono Boost)  
  19  1:12  Assimilator  
  19  1:19  Probe (Chrono Boost)  
  20  1:27  Pylon  
  20  1:30  Probe (Chrono Boost)  
  21  1:40  Cybernetics Core, Probe (Chrono Boost)  
  22  1:51  Photon Cannon  
  22  2:09  Probe (Chrono Boost)  
  23  2:19  Stargate  
  23  2:32  Nexus  
  23  2:39  Pylon  
  23  2:58  Oracle  
  26  3:09  Stargate  
  26  3:22  Photon Cannon  
  26  3:28  Assimilator  
  26  3:39  Void Ray  
  30  3:51  Probe (Chrono Boost)  
  30  3:52  Void Ray  
  36  4:03  Probe (Chrono Boost)  
  37  4:11  Probe (Chrono Boost)  
  37  4:15  Probe (Chrono Boost)  
  38  4:23  Probe (Chrono Boost)  
  39  4:30  Void Ray  
  39  4:31  Void Ray  
  44  4:43  Probe (Chrono Boost)  
  45  4:51  Assimilator  
  45  4:55  Probe (Chrono Boost)  
  46  5:07  Void Ray  
  46  5:11  Pylon  
  50  5:17  Probe (Chrono Boost)  
  51  5:26  Void Ray  
  51  5:27  Probe (Chrono Boost)  
  53  5:29  Probe (Chrono Boost)  
  57  5:39  Probe (Chrono Boost)  
  58  5:44  Void Ray  
  62  6:19  Pylon  
  62  6:22  Pylon  
  62  6:24  Protoss Air Weapons Level 1  
  62  6:31  Void Ray  
  62  6:38  Probe x2 (Chrono Boost)  
  68  6:51  Probe (Chrono Boost)  
  53  7:13  Void Ray x2  
  49  7:27  Stargate  
  49  7:34  Photon Cannon  
  49  7:35  Probe (Chrono Boost)  
  50  7:40  Photon Cannon x2  
  50  7:47  Probe (Chrono Boost)  
  50  7:50  Nexus, Void Ray  
  51  7:54  Void Ray  
  56  7:59  Probe (Chrono Boost)  
  60  8:12  Probe (Chrono Boost)  
  61  8:15  Void Ray  
  65  8:24  Probe (Chrono Boost)  
  66  8:35  Void Ray  
  66  8:36  Pylon  
  66  8:40  Assimilator  
  66  8:42  Void Ray  
  70  8:55  Void Ray  
  79  9:03  Probe (Chrono Boost)  
  79  9:10  Protoss Air Armor Level 1  
  79  9:13  Void Ray  
  79  9:14  Probe (Chrono Boost)  
  84  9:29  Probe (Chrono Boost)  
  85  9:36  Pylon  
  85  9:41  Probe (Chrono Boost)  
  87  9:54  Probe (Chrono Boost)  
  79  10:04  Void Ray x3  
  91  10:19  Stargate  
  91  10:22  Pylon  
  91  10:26  Fleet Beacon  
  91  10:29  Protoss Shields Level 1  
  91  10:40  Probe (Chrono Boost)  
  91  10:41  Void Ray x3  
  104  10:52  Probe (Chrono Boost)  
  105  11:04  Void Ray  
  109  11:18  Void Ray  
  109  11:23  Assimilator  
  109  11:24  Void Ray  
  114  11:26  Probe (Chrono Boost)  
  110  11:38  Probe (Chrono Boost)  
  75  11:48  Void Ray  
  75  11:50  Probe (Chrono Boost)  
  76  11:54  Void Ray  
  76  11:56  Void Ray  
  76  11:58  Protoss Air Weapons Level 2  
  76  12:01  Void Ray  
  92  12:26  Void Ray  
  96  12:37  Void Ray  
  80  12:48  Void Ray  
  80  12:50  Void Ray  
  84  13:03  Void Ray  
  88  13:20  Void Ray  
  88  13:25  Probe (Chrono Boost)  
  93  13:33  Void Ray x2  
  97  13:34  Nexus  
  97  13:37  Probe (Chrono Boost)  
  97  13:40  Void Ray  
  107  13:49  Probe (Chrono Boost)  
  107  14:01  Probe (Chrono Boost)  
  108  14:02  Void Ray  
  112  14:16  Pylon  
  112  14:19  Void Ray  
  116  14:26  Assimilator, Pylon  
  116  14:27  Assimilator  
  116  14:30  Pylon  
  116  14:35  Void Ray x2  
Show
View Real Time Build Order
Export as new Build Order

PiLloWLavA Protoss - Winner!

Build Orders: 1 Gate Expand, Blink Stalkers 

Get SALT Encoding   

  12  0:01  Probe (Chrono Boost)  
  13  0:11  Probe (Chrono Boost)  
  14  0:18  Pylon  
  14  0:22  Probe (Chrono Boost)  
  15  0:37  Probe (Chrono Boost)  
  15  0:39  Gateway  
  16  0:47  Probe (Chrono Boost)  
  17  0:58  Probe (Chrono Boost)  
  18  1:11  Probe (Chrono Boost)  
  19  1:18  Nexus  
  19  1:27  Pylon  
  19  1:35  Cybernetics Core  
  19  1:39  Probe (Chrono Boost)  
  20  1:45  Assimilator  
  20  1:50  Probe (Chrono Boost)  
  21  2:00  Probe (Chrono Boost)  
  22  2:11  Probe (Chrono Boost)  
  22  2:12  Assimilator  
  23  2:21  Probe (Chrono Boost)  
  24  2:32  Probe (Chrono Boost)  
  25  2:39  Nexus  
  25  2:48  Mothership Core (Chrono Boost)  
  27  2:56  Probe (Chrono Boost)  
  28  2:59  Warp Gate  
  28  3:06  Probe (Chrono Boost)  
  28  3:07  Probe (Chrono Boost)  
  30  3:13  Stalker  
  30  3:19  Probe (Chrono Boost)  
  34  3:21  Probe (Chrono Boost)  
  34  3:23  Gateway  
  34  3:24  Gateway  
  34  3:29  Gateway  
  34  3:32  Twilight Council  
  34  3:41  Stalker  
  34  3:42  Forge  
  36  3:55  Probe (Chrono Boost), Blink  
  38  3:56  Probe x2 (Chrono Boost)  
  39  4:04  Pylon  
  39  4:05  Probe (Chrono Boost)  
  39  4:08  Probe (Chrono Boost)  
  41  4:20  Protoss Ground Weapons Level 1  
  39  4:27  Probe x2 (Chrono Boost)  
  39  4:28  Probe (Chrono Boost)  
  40  4:36  Assimilator  
  40  4:37  Probe x2 (Chrono Boost)  
  42  4:39  Assimilator  
  42  4:40  Probe (Chrono Boost)  
  42  4:44  Pylon  
  43  4:49  Probe (Chrono Boost)  
  43  4:51  Probe (Chrono Boost)  
  46  4:52  Probe (Chrono Boost)  
  46  5:00  Pylon, Gateway  
  46  5:01  Probe (Chrono Boost)  
  46  5:02  Probe (Chrono Boost)  
  48  5:10  Stalker x2  
  54  5:14  Probe x2 (Chrono Boost)  
  54  5:20  Robotics Facility  
  54  5:24  Probe (Chrono Boost)  
  54  5:26  Probe (Chrono Boost)  
  56  5:32  Forge  
  56  5:34  Probe x2 (Chrono Boost)  
  58  5:41  Probe (Chrono Boost)  
  59  5:43  Stalker  
  59  5:44  Stalker  
  63  5:54  Probe x2 (Chrono Boost)  
  63  5:55  Stalker  
  67  5:58  Protoss Ground Weapons Level 2  
  67  6:02  Protoss Shields Level 1  
  66  6:14  Stalker x2  
  70  6:25  Stalker x2  
  74  6:33  Probe (Chrono Boost)  
  74  6:35  Probe x2 (Chrono Boost)  
  74  6:38  Stalker x2  
  81  6:49  Stalker x2  
  71  7:05  Stalker x2  
  56  7:22  Probe (Chrono Boost)  
  57  7:30  Gateway x2  
  57  7:33  Gateway  
  57  7:34  Probe (Chrono Boost)  
  57  7:35  Gateway  
  58  7:38  Assimilator  
  58  7:39  Stalker x2  
  58  7:42  Stalker  
  65  7:44  Assimilator  
  65  7:45  Probe (Chrono Boost)  
  65  7:46  Probe (Chrono Boost)  
  65  7:48  Nexus  
  65  7:49  Protoss Ground Armor Level 1  
  66  7:56  Protoss Shields Level 2  
  66  7:57  Probe (Chrono Boost)  
  66  7:58  Probe (Chrono Boost)  
  68  8:11  Probe (Chrono Boost)  
  69  8:21  Probe (Chrono Boost)  
  70  8:29  Probe (Chrono Boost)  
  70  8:32  Probe (Chrono Boost), Stalker x4  
  70  8:33  Stalker  
  82  8:36  Stalker  
  85  8:41  Probe (Chrono Boost)  
  85  8:42  Pylon  
  85  8:57  Pylon  
  85  8:58  Pylon  
  85  9:00  Probe (Chrono Boost)  
  85  9:01  Probe (Chrono Boost)  
  87  9:03  Pylon, Stalker x3  
  93  9:10  Probe (Chrono Boost)  
  93  9:13  Probe (Chrono Boost)  
  93  9:15  Probe (Chrono Boost)  
  96  9:21  Probe (Chrono Boost)  
  98  9:25  Probe (Chrono Boost)  
  98  9:27  Probe (Chrono Boost), Templar Archives  
  99  9:31  Probe (Chrono Boost)  
  99  9:37  Stalker  
  99  9:38  Probe (Chrono Boost), Stalker x3  
  107  9:39  Stalker  
  107  9:42  Probe (Chrono Boost)  
  106  10:06  Stalker x6  
  106  10:07  Stalker x2  
  120  10:12  Protoss Ground Weapons Level 3  
  120  10:13  Protoss Shields Level 3  
  122  10:26  Probe (Chrono Boost)  
  123  10:28  Photon Cannon  
  123  10:30  Assimilator  
  123  10:35  Assimilator  
  123  10:36  Probe (Chrono Boost)  
  123  10:38  High Templar x2  
  123  10:39  High Templar x2  
  132  10:45  Pylon x2  
  132  10:47  Pylon, Archon x2  
  132  10:58  Nexus  
  133  11:05  Probe (Chrono Boost)  
  133  11:15  Probe (Chrono Boost)  
  133  11:17  Probe (Chrono Boost)  
  135  11:26  Probe (Chrono Boost)  
  135  11:29  Probe (Chrono Boost)  
  94  11:41  Stalker x6  
  94  11:42  Stalker x2  
  104  12:03  Gateway  
  104  12:04  Gateway  
  104  12:07  Gateway  
  104  12:08  Stargate  
  104  12:11  Pylon  
  104  12:13  Probe (Chrono Boost)  
  104  12:15  High Templar x4  
  109  12:16  Stalker  
  109  12:17  Stalker x3  
  109  12:19  Archon  
  109  12:20  Archon  
  121  12:23  Probe (Chrono Boost)  
  121  12:26  Probe (Chrono Boost)  
  123  12:34  Probe (Chrono Boost)  
  123  12:36  Probe (Chrono Boost)  
  111  12:47  Probe (Chrono Boost)  
  111  12:50  Stalker x5  
  111  12:51  Stalker x3  
  124  12:55  Probe (Chrono Boost)  
  130  12:59  Probe (Chrono Boost)  
  130  13:05  Pylon  
  130  13:06  Probe (Chrono Boost)  
  130  13:07  Assimilator  
  130  13:10  Assimilator  
  130  13:11  Probe (Chrono Boost)  
  132  13:14  Probe (Chrono Boost)  
  132  13:17  High Templar x3  
  132  13:18  High Templar x5  
  132  13:19  Pylon  
  149  13:21  Archon x2  
  149  13:22  Archon  
  149  13:23  Archon  
  149  13:24  Probe (Chrono Boost)  
  150  13:30  Pylon  
  150  13:35  Probe (Chrono Boost)  
  150  13:36  Pylon  
  151  13:52  Pylon  
  151  13:53  Stalker  
  151  13:54  Stalker x6  
  151  13:55  Stalker  
  167  13:57  Pylon  
  167  14:04  Pylon  
  167  14:08  Photon Cannon  
  167  14:10  Pylon, Photon Cannon  
  167  14:13  Probe (Chrono Boost)  
  168  14:17  Pylon  
  168  14:21  Pylon  
  168  14:24  Probe (Chrono Boost)  
  169  14:33  Pylon  
  169  14:34  Probe (Chrono Boost), High Templar x2  
  169  14:35  High Templar x5  
  184  14:38  Zealot x3  
  184  14:39  Zealot  
  184  14:40  Archon  
  184  14:41  Archon x2  
  191  15:00  Stalker x3  
  191  15:01  Stalker  
  189  15:24  Stalker x3  
  189  15:25  Stalker x6  
  189  15:26  Stalker  
Tags
 
Add a new tag
Caveats
  • Supply blocks, unpowered buildings, or Contaminate may cause inaccurate times.
  • Supply counts are checked every 10 seconds.